 Dungeon Crawl Stone Soup version 0.31.0-11-ge490571c62 (webtiles) character file.

Game seed: 6206957231462492345

305471 MisterFreud the Cryomancer (level 20, -46/147 HPs)
             Began as a Demonspawn Conjurer on Jan 23, 2024.
             Was an Initiate of Gozag.
             Killed from afar by Xtahua (55 damage)
             ... with a searing blast
             ... on level 4 of the Vaults on Jan 26, 2024.
             The game lasted 03:48:02 (60759 turns).

MisterFreud the Cryomancer (Demonspawn Conjurer)   Turns: 60759, Time: 03:48:03

Health: -46/147    AC: 25    Str: 10    XL:     20   Next: 28%
Magic:  0/30       EV: 16    Int: 25    God:    Gozag
Gold:   9709       SH: 13    Dex: 13    Spells: 2/39 levels left

rFire   . . .        A - +2 dagger (protect)
rCold   + + .        o - +3 buckler of the Planets {rPois Regen+}
rNeg    + . .        E - +2 robe {Will+}
rPois   +            (no helmet)
rElec   .            (cloak unavailable)
rCorr   .            m - +2 pair of gloves
SInv    .            f - +1 pair of boots
Will    +++..        Z - amulet "Foekk" {Reflect rPois Dex+3 Slay+3 SH+5}
Stlth   ++++         n - ring of Day {rF+ rC+ rN+ Will+}
HPRegen 1.24/turn    N - ring of ice
MPRegen 0.44/turn

%: reflection, guardian spirit
@: marked, gold aura, sanguine armoured, under a protective aura, slightly
contaminated
A: icemail 1, magic shield, magic regeneration, magic link, black mark, sanguine
armour 2, condensation shield, bedeviling, weakness stinger 3, clumsy 1, low MP
1
}: 2/15 runes: serpentine, barnacled
a: Renounce Religion, Potion Petition, Call Merchant, Bribe Branch


You were on level 4 of the Vaults.
You worshipped Gozag.
Gozag was greatly pleased with you.
You visited 7 branches of the dungeon, and saw 35 of its levels.
You also visited: Ice Cave.

You collected 14772 gold pieces.
You spent 1854 gold pieces at shops.
You paid 3209 gold pieces to Gozag.

Inventory:

Hand Weapons
 u - the +10 mace of the Tentacled God {protect, rElec rN+++ Int+2 Dex-3}
   (You found it on level 2 of the Snake Pit)

   Int+2:     It affects your intelligence (+2).
   Dex-3:     It affects your dexterity (-3).
   rElec:     It insulates you from electricity.
   rN+++:     It renders you almost immune to negative energy.
 A - a +2 dagger of protection (weapon)
Missiles
 H - 3 throwing nets
 J - 17 silver javelins
Armour
 f - a +1 pair of boots (worn)
 m - a +2 pair of gloves (worn)
 o - the +3 buckler of the Planets (worn) {rPois Regen+}
   (You acquired it on level 1 of the Shoals)

   rPois:     It protects you from poison Regen+: It increases your rate of
   health regeneration.
 t - the +5 tower shield "Xoonoiw" {Harm rF+ rN+ Str+4}
   (You acquired it on level 4 of the Shoals)

   Str+4:     It affects your strength (+4).
   rF+:       It protects you from fire.
   rN+:       It protects you from negative energy.
   Harm:      It increases damage dealt and taken.
 E - a +2 robe of willpower (worn)
Jewellery
 n - the ring of Day (left hand) {rF+ rC+ rN+ Will+}
   (You found it on level 11 of the Dungeon)

   [ring of protection from cold]

   rF+:       It protects you from fire.
   rC+:       It protects you from cold.
   rN+:       It protects you from negative energy.
   Will+:     It increases your willpower.
 B - a ring of protection from fire
 N - a ring of ice (right hand)
 R - a ring of protection from cold
 U - a ring of fire
 W - a ring of resist corrosion
 X - the amulet of Terra Nullius {rC++ Regen+ Stlth+}
   (You acquired it on level 2 of the Snake Pit)

   [amulet of regeneration]

   rC++:      It greatly protects you from cold.
   Regen+:    It increases your rate of health regeneration.
   Stlth+:    It makes you more stealthy.
 Z - the amulet "Foekk" (around neck) {Reflect rPois Dex+3 Slay+3 SH+5}
   (You found it on level 14 of the Dungeon)

   [amulet of reflection]

   Reflect:   It reflects blocked missile attacks.
   Dex+3:     It affects your dexterity (+3).
   Slay+3:    It affects your accuracy & damage with ranged weapons and melee
   (+3).
   rPois:     It protects you from poison SH+5: It affects your SH (+5).
Wands
 r - a wand of charming (2)
 y - a wand of flame (40)
 C - a wand of digging (8)
 F - a wand of roots (21)
 G - a wand of quicksilver (5)
 I - a wand of polymorph (11)
Scrolls
 a - 3 scrolls of blinking
 c - 6 scrolls of fog
 e - 4 scrolls of fear
 i - a scroll of enchant armour
 s - 2 scrolls of silence
 w - 10 scrolls of immolation
 x - a scroll of torment
 D - 2 scrolls of teleportation
 K - 7 scrolls of poison
 M - 9 scrolls of enchant weapon
 Q - 4 scrolls of amnesia
 S - 7 scrolls of identify
 T - 2 scrolls of revelation
Potions
 b - 2 potions of magic
 d - 6 potions of enlightenment
 g - 5 potions of invisibility
 h - 4 potions of lignification
 j - 9 potions of curing
 k - 3 potions of cancellation
 l - 3 potions of might
 p - 7 potions of brilliance
 q - 4 potions of resistance
 v - 5 potions of mutation
 z - 5 potions of heal wounds
 O - 6 potions of haste
 V - a potion of berserk rage
 Y - 2 potions of ambrosia
Miscellaneous
 L - a condenser vane (inert)
 P - a phantom mirror (inert)


   Skills:
 - Level 10.0 Fighting
 - Level 10.0 Short Blades
 - Level 5.0 Armour
 - Level 10.0 Dodging
 - Level 10.0 Stealth
 - Level 4.0 Shields
 - Level 10.0 Spellcasting
 - Level 12.0 Conjurations
 - Level 10.0 Hexes
 - Level 2.0 Translocations
 + Level 21.1 Ice Magic
 - Level 5.0 Earth Magic
 - Level 10.0 Alchemy
 - Level 5.0 Evocations


You had 2 spell levels left.
You knew the following spells:

 Your Spells              Type           Power      Damage    Failure   Level
a - Blink                 Tloc           44%        N/A       4%          2
b - Searing Ray           Conj           100%       2d8       1%          2
c - Iskenderun's Mystic   Conj/Tloc      47%        2d10      3%          4
d - Irradiate             Conj/Alch      30%        3d21      1%          5
e - Polar Vortex          Ice            54%        12d7*     77%         9
f - Petrify               Alch/Erth      50%        N/A       3%          4
g - Tukima's Dance        Hex            76%        N/A       1%          3
h - Ozocubu's Refrigerat  Ice            54%        4d19      1%          7
i - Apportation           Tloc           44%        N/A       3%          1

Your spell library contained the following spells:

 Spells                   Type           Power      Damage    Failure   Level
 Kiss of Death            Conj/Necr      100%       2d13      1%          1
 Magic Dart               Conj           100%       1d8       1%          1
 Sting                    Conj/Alch      100%       1d9       1%          1
 Ensorcelled Hibernation  Hex/Ice        100%       N/A       1%          2
 Cigotuvi's Dreadful Rot  Necr/Alch/Air  58%        N/A       2%          2
 Lesser Beckoning         Tloc           44%        N/A       4%          2
 Necrotise                Necr           48%        1d6       7%          1
 Summon Small Mammal      Summ           48%        N/A       7%          1
 Call Imp                 Summ           24%        N/A       11%         2
 Ozocubu's Armour         Ice            100%       N/A       0%          3
 Confusing Touch          Hex            76%        N/A       1%          3
 Brom's Barrelling Bould  Conj/Erth      53%        2d7       1%          4
 Fulminant Prism          Conj/Alch      30%        3d15      1%          4
 Metabolic Englaciation   Hex/Ice        58%        N/A       1%          5
 Sculpt Simulacrum        Ice/Alch       47%        N/A       1%          6
 Inner Flame              Hex/Fire       54%        N/A       2%          3
 Yara's Violent Unravell  Hex/Alch       38%        3d15      3%          5
 Flame Wave               Conj/Fire      42%        2d11      6%          4
 Gell's Gravitas          Tloc           22%        N/A       9%          3
 Teleport Other           Tloc           22%        N/A       9%          3
 Anguish                  Hex/Necr       27%        N/A       9%          4
 Sticky Flame             Fire/Alch      37%        2d8       9%          4
 Call Canine Familiar     Summ           12%        N/A       21%         3
 Fugue of the Fallen      Necr           12%        N/A       21%         3
 Passage of Golubria      Tloc           22%        N/A       30%         4
 Airstrike                Air            6%         2d(1-17)  56%         4
 Dispel Undead            Necr           12%        3d9       56%         4
 Martyr's Knell           Necr/Summ      12%        N/A       56%         4
 Summon Blazeheart Golem  Fire/Summ      12%        N/A       56%         4
 Dispersal                Tloc           11%        N/A       99%         6
 Death Channel            Necr           6%         N/A       100%        6
 Haunt                    Necr/Summ      6%         N/A       100%        7
 Malign Gateway           Summ/Tloc      8%         N/A       100%        7
 Ignition                 Fire           6%         3d4       100%        8
 Infestation              Necr           6%         N/A       100%        8
 Lehudib's Crystal Spear  Conj/Erth      26%        10d7      100%        8
 Maxwell's Capacitive Co  Air            6%         ∞         100%        8
 Summon Horrible Things   Summ           6%         N/A       100%        8
 Animate Dead             Necr           Unusable   N/A       N/A         4

Dungeon Overview and Level Annotations

Branches:
Dungeon (15/15)            Temple (1/1) D:7            Lair (5/5) D:8
 Shoals (4/4) Lair:3        Snake (4/4) Lair:2        Slime (0/5) Lair:5
    Orc (2/2) D:9             Elf (0/3) Orc:2        Vaults (4/5) D:13
  Crypt (0/3) Vaults:3     Depths (0/4) D:15          IceCv (visited)

Altars:
Ashenzari
Cheibriados
Dithmenos
Fedhas
Gozag
Hepliaklqana
Kikubaaqudgha
Makhleb
Nemelex Xobeh
Okawaru
Qazlal
Ru
Sif Muna
Trog
Uskayaw
Vehumet
Wu Jian
Xom
Yredelemnul
Jiyva

Shops:
D:2 ***   D:12 :   D:14 [!:(*   Orc:2 *[([   Snake:3 (   Snake:4 *
Vaults:3 [=!*

Annotations:
Lair:2 exclusion: oklob plant
Lair:3 3 runed translucent doors, dvdksn's ghost, journeyman DsBr
Shoals:3 Bai Suzhen
Snake:3 Vashnia
Vaults:3 2 transporters
Vaults:4 Xtahua


Innate Abilities, Weirdness & Mutations

A meltable icy envelope protects you from harm. (AC +0)
When hurt, damage is shared between your health and your magic reserves.
You regenerate magic rapidly.
When low on magic, you restore magic in place of health.
Your melee attacks may debilitate your foes.
When seriously injured, your blood forms thick armour. (AC +9)
A meltable shield of frost defends you. (SH +0)
Your hexes are more powerful.
You have a sharp stinger which inflicts weakening toxins.
You are clumsy. (Dex -2)
Your magical capacity is low. (-10% MP)


Message History

The vault sentinel barely misses Xtahua.
Xtahua bites you. Xtahua misses you. Xtahua completely misses you.
The lindwurm is engulfed in freezing vapours.
You kill the lindwurm!
Okay, then.
Unknown command.
Unknown command.
Casting: Irradiate (mildly dangerous; 1% risk of failure)
Confirm with . or Enter, or press ? or * to list all spells.
You erupt in a fountain of uncontrolled magic!
The peacekeeper is blasted with magical radiation!!
You destroy the peacekeeper!
Xtahua is blasted with magical radiation!!
Xtahua is lightly wounded.
You are lightly contaminated with residual magic.
The vault sentinel shoots a bolt.
The bolt hits you!
* * * LOW HITPOINT WARNING * * *
The vault sentinel hits Xtahua with a +0 long sword!
Xtahua bites you!!
* * * LOW HITPOINT WARNING * * *
You block Xtahua's attack. Xtahua closely misses you.
A vault sentinel comes into view.
It is wielding a +0 long sword and quivering poisoned darts.
Xtahua roars overwhelmingly at the vault sentinel!
The vault sentinel suddenly stops moving!
The yaktaur captain is engulfed in blazing flames.
The yaktaur captain is distracted by your dazzling golden aura.
Unknown command.
You feel much better. The peacekeeper closely misses you.
You block the peacekeeper's attack. The peacekeeper bites you!!
* * * LOW HITPOINT WARNING * * *
The peacekeeper claws you but does no damage.
The vault sentinel is distracted by your dazzling golden aura.
Xtahua bites the vault sentinel!
Xtahua claws the vault sentinel.
Xtahua tramples the vault sentinel.
The vault sentinel holds its ground!
A deep troll comes into view.
Xtahua breathes fire at you. The searing blast hits you!!!
You die...
Xtahua belches a long, triumphant arc of flame.
Your body crumbles into a pile of gold.

#. # +.# .+
+... ###.
#..## ...
#.... ..
...#.##.#
#pD§...#
####D##+##
#...@9§.§#.
#...§§c§.T§p
#
#........###
# ########
#........#..
# #......#
#...☼..[.§p.
# #......#
#........#..
# #......#
#........#..
# #......#
#........#..
# #....!.#
#........#..


You could see Xtahua (catching breath), a yaktaur captain (distracted), a deep
troll, 3 vault sentinels, a peacekeeper (strong) and the friendly Xtahua
(summoned, drained).

Vanquished Creatures
  Jorgrun (Snake:3)
  A quicksilver dragon (Snake:4)
  An ancient champion (Vaults:3)
  3 sphinxes
  Polyphemus (Shoals:2)
  A tengu reaver (Vaults:2)
  Aizul (Snake:1)
  Kirke (D:14)
  A fenstrider witch (Shoals:3)
  3 nagarajas (Snake:4)
  Louise (Shoals:2)
  10 vault wardens
  An angel (Shoals:4)
  3 formless jellyfish
  An orc warlord (Vaults:4)
  6 ironbound thunderhulks
  16 ironbound preservers
  A vampire knight (Vaults:3)
  A dire elephant (Vaults:3)
  A war gargoyle (Vaults:4)
  Snorg (D:11)
  12 merfolk impalers
  3 crystal guardians
  8 merfolk javelineers
  9 yaktaur captains
  2 fire dragons (D:15)
  Josephine (Orc:1)
  3 entropy weavers
  A deep elf high priest (Vaults:1)
  A vault guard (Vaults:3)
  4 hydras
  A quicksilver dragon skeleton (Vaults:2)
  9 great orbs of eyes
  4 peacekeepers
  4 salamander tyrants
  7 boulder beetles
  Erica (Orc:1)
  3 ogre magi
  13 two-headed ogres
  18 centaur warriors
  3 merfolk avatars
  10 anacondas
  A catoblepas (Shoals:3)
  6 ironbound frosthearts
  A satyr (Shoals:3)
  7 naga warriors
  A vampire mage (Vaults:3)
  12 death yaks
  Urug (Lair:3)
  4 merfolk aquamancers (Shoals:4)
  An orc high priest (Orc:1)
  A tengu warrior (D:14)
  2 deep troll earth magi
  10 shock serpents
  A soul eater (Vaults:3)
  12 naga sharpshooters
  4 skeletal warriors (D:12)
  5 skysharks
  27 deep trolls
  3 cherubim (Shoals:4)
  A salamander mystic (Snake:3)
  10 sea snakes
  7 arcanists
  13 mana vipers
  4 naga ritualists
  16 ironbound convokers
  A phantasmal warrior (Vaults:2)
  9 orc knights
  2 lindwurms
  3 deep elf pyromancers
  2 necromancers (Vaults:2)
  A tengu zombie (Vaults:2)
  27 harpies
  5 ugly things
  19 salamanders
  15 fauns
  11 manticores
  A fire giant skeleton (Vaults:2)
  Maurice (D:8)
  8 elephants
  9 cyclopes
  A meliai (shapeshifter) (D:13)
  9 guardian serpents
  6 merfolk sirens
  38 black mambas
  10 vault sentinels
  2 water nymphs
  2 torpor snails (Lair:4)
  12 naga magi
  5 unseen horrors
  23 cane toads
  3 gargoyles
  4 kobold demonologists
  5 rime drakes
  5 komodo dragons
  2 freezing wraiths
  30 yaktaurs
  An anaconda simulacrum (Lair:3)
  11 trolls
  25 merfolk
  3 red devils (D:8)
  9 polar bears
  A shadow dragon simulacrum (Vaults:2)
  4 wind drakes
  5 hornets (Lair:5)
  27 blink frogs
  Prince Ribbit (D:8)
  10 snapping turtles
  17 dream sheep
  A jumping spider (Vaults:1)
  29 slime creatures
  A shadow (D:12)
  A culicivora (Vaults:1)
  4 water elementals
  3 hogs (D:14)
  2 vampires
  7 wraiths
  12 spriggans (Lair:5)
  2 wyverns
  66 yaks
  2 basilisks
  16 humans
  2 wargs
  3 redbacks (Vaults:1)
  2 vampire mosquitoes (D:12)
  A human simulacrum (Vaults:2)
  30 nagas
  3 acid dragons
  16 water moccasins
  7 black bears
  19 orc warriors
  2 laughing skulls (D:15)
  A sky beast (D:8)
  32 wolves
  23 ogres
  17 boggarts
  17 centaurs
  A slime creature simulacrum (IceCv)
  A phantom (D:7)
  7 kobold brigands
  9 bullfrogs
  An entropy weaver simulacrum (Lair:3)
  A gnoll sergeant (D:12)
  3 scorpions
  4 wights (D:9)
  3 jellies
  8 killer bees
  5 howler monkeys
  A gnoll bouda (D:5)
  6 hounds
  13 orc priests
  9 iguanas
  16 orc wizards
  A spriggan simulacrum (Lair:3)
  17 gnolls
  3 adders
  A shadow imp (D:5)
  A white imp (Lair:3)
  2 ufetubi (D:6)
  2 dart slugs
  54 orcs
  5 ball pythons
  2 bats (D:1)
  8 endoplasms
  3 giant cockroaches
  6 goblins
  4 hobgoblins
  4 quokkas
  42 kobolds
  5 rats
1277 creatures vanquished.

Vanquished Creatures (collateral kills)
  An orc (Orc:1)
1 creature vanquished.

Vanquished Creatures (others)
  Nikola (Shoals:1)
  A centaur warrior (D:13)
  A naga sharpshooter (Snake:4)
  2 dancing weapons
  A boggart (Lair:5)
  12 tentacles
18 creatures vanquished.

Grand Total: 1296 creatures vanquished

Notes
Turn   | Place    | Note
-------+----------+-------------------------------------------
     0 | D:1      | MisterFreud the Demonspawn Conjurer began the quest for the
                  | Orb.
     0 | D:1      | Reached XP level 1. HP: 13/13 MP: 3/3
   438 | D:1      | Gained mutation: You have a small tail. [demonic ancestry]
   438 | D:1      | Reached XP level 2. HP: 19/19 MP: 0/5
  1189 | D:2      | Noticed an ogre
  1220 | D:2      | Found Umes's Assorted Antiques.
  1330 | D:1      | Learned a level 2 spell: Searing Ray
  1347 | D:2      | Found Noigois's General Store.
  1403 | D:2      | Reached skill level 5 in Conjurations
  1473 | D:2      | Gained mutation: You regenerate magic rapidly. [demonic
                  | ancestry]
  1473 | D:2      | Reached XP level 3. HP: 24/24 MP: 3/6
  1518 | D:2      | Found Ywomixt's Assorted Antiques.
  1524 | D:2      | Bought a smoky orange potion for 21 gold pieces
  1524 | D:2      | Bought a scroll labelled CAPUOSIVVE for 24 gold pieces
  1524 | D:2      | Bought a scroll labelled NAONEA KAACLE for 24 gold pieces
  1524 | D:2      | Bought a scroll labelled XEDURGH IBONEST for 24 gold pieces
  1770 | D:3      | Noticed a black bear
  1900 | D:3      | Found an ancient bone altar of Kikubaaqudgha.
  2036 | D:3      | Found a stormy altar of Qazlal.
  2501 | D:4      | Noticed a scorpion
  2508 | D:4      | Killed a scorpion
  2509 | D:4      | Gained mutation: When seriously injured, your blood forms
                  | armour. (AC +9) [demonic ancestry]
  2509 | D:4      | Reached XP level 4. HP: 10/30 MP: 1/7
  2684 | D:4      | Reached XP level 5. HP: 35/35 MP: 3/8
  2995 | D:4      | Gained mutation: When seriously injured, your blood forms
                  | thick armour. (AC +9) [demonic ancestry]
  2995 | D:4      | Reached XP level 6. HP: 37/41 MP: 5/9
  3145 | D:5      | Entered Level 5 of the Dungeon
  3226 | D:5      | Reached XP level 7. HP: 34/46 MP: 0/11
  3585 | D:5      | Reached skill level 5 in Spellcasting
  4312 | D:2      | Bought a scroll labelled VEDIGYM GI IRGH for 33 gold pieces
  4312 | D:2      | Bought 2 inky potions for 59 gold pieces
  4312 | D:2      | Bought a murky black potion for 29 gold pieces
  4355 | D:3      | Reached XP level 8. HP: 42/53 MP: 8/17
  4753 | D:4      | Reached skill level 1 in Fighting
  6122 | D:7      | Found a staircase to the Ecumenical Temple.
  6128 | Temple   | Entered the Ecumenical Temple
  6147 | Temple   | Became a worshipper of Gozag Ym Sagoz the Greedy
  6382 | D:7      | Identified the +1 shortbow "Qacenk" {freeze, +Blink rElec
                  | rC+ Stlth-}
  7110 | D:8      | Gained mutation: You have a tail ending in a sharp stinger.
                  | [demonic ancestry]
  7110 | D:8      | Reached XP level 9. HP: 57/67 MP: 13/18
  7112 | D:8      | Reached skill level 5 in Fighting
  7112 | D:8      | Reached skill level 5 in Dodging
  7113 | D:8      | Reached skill level 1 in Short Blades
  7249 | D:8      | Noticed a red devil
  7249 | D:8      | Noticed a red devil
  7249 | D:8      | Noticed a red devil
  7477 | D:8      | Found a shadowy altar of Dithmenos.
  8266 | D:9      | Noticed a rust devil
  8267 | D:9      | Noticed a rust devil
  8302 | D:9      | Paralysed by a hornet for 1 turns
  8316 | D:10     | Entered Level 10 of the Dungeon
  8802 | D:9      | Reached skill level 5 in Short Blades
  9818 | D:9      | Found a staircase to the Orcish Mines.
 10012 | D:8      | Noticed a boulder beetle
 10137 | D:9      | Learned a level 4 spell: Iskenderun's Mystic Blast
 10143 | D:9      | Learned a level 5 spell: Irradiate
 10278 | D:10     | Noticed a troll
 10287 | D:10     | Killed a troll
 10288 | D:10     | Reached skill level 1 in Alchemy
 10533 | D:10     | Gained mutation: When hurt, damage is shared between your
                  | health and your magic reserves. [demonic ancestry]
 10533 | D:10     | Reached XP level 10. HP: 64/74 MP: 14/19
 10825 | D:10     | Reached skill level 10 in Conjurations
 11194 | D:10     | Reached skill level 5 in Alchemy
 11790 | D:10     | Found a bloodstained altar of Trog.
 12007 | D:10     | Identified a scroll of acquirement
 12007 | D:10     | Acquired the Compilation of Excavation and the Wind
 12100 | D:11     | Noticed a two-headed ogre
 12132 | D:10     | Learned a level 2 spell: Blink
 12310 | D:11     | Noticed Snorg
 12384 | D:11     | Reached skill level 1 in Translocations
 12508 | D:11     | Noticed a gargoyle
 12514 | D:11     | Killed a gargoyle
 12617 | D:11     | Killed Snorg
 12618 | D:11     | Gained mutation: You have a sharp stinger which inflicts
                  | weakening toxins. [demonic ancestry]
 12618 | D:11     | Reached XP level 11. HP: 38/79 MP: 2/20
 12786 | D:11     | Identified the ring of Day {rF+ rC+ rN+ Will+}
 12800 | D:11     | Noticed a cyan ugly thing
 12820 | D:11     | Killed a green ugly thing
 12821 | D:11     | Reached skill level 1 in Evocations
 13126 | D:11     | Killed a two-headed ogre
 13422 | D:12     | Noticed a skeletal warrior
 13522 | D:8      | Found a staircase to the Lair.
 13657 | Lair:1   | Entered Level 1 of the Lair of Beasts
 13723 | D:8      | Reached skill level 5 in Evocations
 14439 | Lair:1   | Noticed a boulder beetle
 14485 | Lair:1   | Killed a boulder beetle
 15188 | Lair:2   | Noticed a skyshark
 15216 | Lair:1   | Killed a skyshark
 15518 | Lair:2   | Noticed an oklob plant
 15563 | Lair:2   | Reached XP level 12. HP: 77/86 MP: 17/25
 15599 | Lair:2   | Reached skill level 10 in Spellcasting
 15686 | Lair:2   | Found a staircase to the Snake Pit.
 15713 | Lair:2   | Reached skill level 1 in Armour
 16722 | Lair:3   | Noticed Urug
 16742 | Lair:3   | Killed Urug
 16915 | Lair:3   | Found a staircase to the Shoals.
 18039 | Lair:3   | Reached skill level 5 in Armour
 18083 | Lair:3   | Learned a level 9 spell: Polar Vortex
 18277 | Lair:3   | Reached skill level 1 in Ice Magic
 18419 | Lair:3   | Found a runed translucent gate.
 18419 | Lair:3   | Found a runed translucent gate.
 18420 | Lair:3   | Found a runed translucent gate.
 18489 | Lair:3   | Reached XP level 13. HP: 87/98 MP: 17/27
 19070 | Lair:3   | Noticed dvdksn's ghost (journeyman DsBr)
 19099 | Lair:3   | Reached skill level 2 in Ice Magic
 19795 | Lair:4   | Reached skill level 3 in Ice Magic
 20138 | Lair:4   | HP: 5/100 [elephant (11)]
 21520 | Lair:4   | Learned a level 4 spell: Petrify
 21660 | Lair:5   | Entered Level 5 of the Lair of Beasts
 22031 | D:8      | Reached skill level 1 in Earth Magic
 22276 | D:8      | Noticed Maurice
 22279 | D:8      | Killed Maurice
 22318 | D:8      | Noticed Prince Ribbit
 22322 | D:8      | Killed Prince Ribbit
 22451 | D:8      | HP: 5/101 [acid (4)]
 22773 | D:13     | Found a gate to the Vaults.
 22960 | D:12     | Upgraded the game from 0.31.0-7-gf635a9b802 to
                  | 0.31.0-9-g3a7656b989
 24929 | Lair:5   | Gained mutation: A meltable shield of frost defends you.
                  | (SH +0) [demonic ancestry]
 24929 | Lair:5   | Reached XP level 14. HP: 101/109 MP: 19/28
 25834 | Lair:5   | Reached skill level 5 in Earth Magic
 25947 | Lair:5   | Paralysed by a hornet for 1 turns
 25963 | Lair:5   | Reached skill level 10 in Fighting
 26508 | Lair:5   | Reached skill level 1 in Shields
 26559 | Lair:5   | Paralysed by a hornet for 1 turns
 27461 | Lair:5   | Found a staircase to the Slime Pits.
 27462 | Lair:5   | Found a viscous altar of Jiyva.
 30106 | D:13     | Identified the +7 whip "Sibunnos" {venom, Int+6 SInv}
 30210 | D:12     | Found Wetiel's Book Shoppe.
 30215 | D:12     | Bought Great Wizards, Vol. VII for 420 gold pieces
 30219 | D:12     | Learned a level 3 spell: Tukima's Dance
 30321 | D:13     | Reached skill level 10 in Alchemy
 30348 | D:13     | Reached skill level 1 in Hexes
 30422 | D:13     | Reached skill level 10 in Dodging
 30422 | D:13     | Gained mutation: When low on magic, you restore magic in
                  | place of health. [demonic ancestry]
 30422 | D:13     | Reached XP level 15. HP: 72/115 MP: 10/29
 31058 | D:13     | Reached skill level 5 in Stealth
 31558 | D:14     | Found Zenkess's Distillery.
 31568 | D:14     | Bought a potion of might for 60 gold pieces
 31568 | D:14     | Bought a potion of haste for 150 gold pieces
 31568 | D:14     | Bought a potion of ambrosia for 120 gold pieces
 31757 | D:14     | Found Kohetu's Armour Emporium.
 31949 | D:14     | Found Ivunaw's Book Shoppe.
 31977 | D:14     | Identified the amulet "Foekk" {Reflect rPois Dex+3 Slay+3
                  | SH+5}
 32069 | D:14     | Found Imnoc's General Store.
 32138 | D:14     | Found Xyomabb's Antique Weapon Boutique.
 32303 | D:14     | Noticed Kirke
 32393 | D:14     | Noticed a sphinx
 32398 | D:14     | Killed Kirke
 32522 | D:15     | Entered Level 15 of the Dungeon
 32877 | D:15     | Reached skill level 5 in Hexes
 32978 | D:15     | Found a snail-covered altar of Cheibriados.
 33583 | D:15     | Found a staircase to the Depths.
 33857 | Orc:1    | Entered Level 1 of the Orcish Mines
 33878 | Orc:1    | Noticed Josephine
 33949 | Orc:1    | Killed Josephine
 34085 | Orc:1    | Noticed Erica
 34096 | Orc:1    | Killed Erica
 35597 | Orc:2    | Entered Level 2 of the Orcish Mines
 35597 | Orc:2    | Found a staircase to the Elven Halls.
 35663 | Orc:1    | Reached skill level 4 in Ice Magic
 36052 | Orc:2    | Paralysed by something for 2 turns
 36519 | Orc:2    | Reached skill level 5 in Ice Magic
 36903 | Orc:2    | Found Qoacvof's Antique Weapon Shop.
 36904 | Orc:2    | Found Miaf's General Store.
 36920 | Orc:2    | Found Nyiroiro's Armour Emporium.
 36929 | Orc:2    | Bought a potion of haste for 170 gold pieces
 36929 | Orc:2    | Bought 2 scrolls of identify for 68 gold pieces
 36929 | Orc:2    | Bought a scroll of identify for 34 gold pieces
 36939 | Orc:2    | Found Puonais's Armour Boutique.
 37301 | Shoals:1 | Entered Level 1 of the Shoals
 37307 | Shoals:1 | Identified the +6 orcbow of Vomen {freeze, *Slow Int+9
                  | Dex-4}
 37439 | Shoals:1 | Gained mutation: A meltable icy envelope protects you from
                  | harm. (AC +0) [demonic ancestry]
 37439 | Shoals:1 | Reached XP level 16. HP: 86/122 MP: 22/30
 37717 | Shoals:1 | Noticed a kraken
 38104 | Shoals:1 | Noticed Nikola
 38127 | Shoals:1 | Killed Nikola
 38236 | Shoals:1 | Reached skill level 6 in Ice Magic
 38743 | Shoals:1 | Acquired the +3 buckler of the Planets {rPois Regen+}
 38756 | Shoals:1 | Upgraded the game from 0.31.0-9-g3a7656b989 to
                  | 0.31.0-10-gcf4a605ca0
 39158 | Shoals:2 | Noticed a kraken
 39780 | Shoals:2 | Noticed Louise
 39847 | Shoals:2 | Reached skill level 7 in Ice Magic
 39859 | Shoals:2 | Killed Louise
 39929 | Shoals:2 | Reached skill level 10 in Short Blades
 40137 | Shoals:2 | Noticed Polyphemus
 40324 | Shoals:2 | Killed Polyphemus
 40624 | Shoals:2 | Reached skill level 10 in Stealth
 40789 | Shoals:3 | Reached skill level 8 in Ice Magic
 41310 | Shoals:3 | Reached skill level 9 in Ice Magic
 42026 | Shoals:4 | Entered Level 4 of the Shoals
 42211 | Shoals:4 | Reached skill level 10 in Ice Magic
 42678 | Shoals:4 | Acquired the +5 tower shield "Xoonoiw" {Harm rF+ rN+ Str+4}
 42854 | Shoals:3 | Gained mutation: Your hexes are more powerful. [demonic
                  | ancestry]
 42854 | Shoals:3 | Reached XP level 17. HP: 125/128 MP: 30/31
 43020 | Shoals:4 | Noticed Bai Suzhen
 43146 | Snake:1  | Entered Level 1 of the Snake Pit
 43598 | Snake:1  | Reached skill level 11 in Ice Magic
 44628 | Snake:1  | Identified the serpent talisman of the Devil's Team {Str+9
                  | Int-2}
 44628 | Snake:1  | Noticed Aizul
 44719 | Snake:2  | Acquired the amulet of Terra Nullius {rC++ Regen+ Stlth+}
 44956 | Snake:2  | Found a glacial archway.
 44965 | IceCv    | Entered an ice cave
 45181 | Snake:2  | Identified the +9 chain mail "Yddas" {Harm rF+ rC+ Int+3}
 45603 | Snake:2  | Identified the +10 mace of the Tentacled God {protect,
                  | rElec rN+++ Int+2 Dex-3}
 46055 | Snake:1  | Gained mutation: Your body sometimes deteriorates upon
                  | taking damage. [mutagenic glow]
 46059 | Snake:1  | Killed Aizul
 46264 | Snake:1  | Lost mutation: Your body sometimes deteriorates upon taking
                  | damage. [potion of mutation]
 46264 | Snake:1  | Gained mutation: You occasionally shout uncontrollably at
                  | your foes. [potion of mutation]
 46264 | Snake:1  | Gained mutation: You have sharp fingernails. [potion of
                  | mutation]
 46264 | Snake:1  | Gained mutation: Your muscles are strong. (Str +4, Int/Dex
                  | -1) [potion of mutation]
 46283 | Snake:2  | Lost mutation: You have sharp fingernails. [potion of
                  | mutation]
 46283 | Snake:2  | Lost mutation: You occasionally shout uncontrollably at
                  | your foes. [potion of mutation]
 46283 | Snake:2  | Lost mutation: Your muscles are strong. (Str +4, Int/Dex
                  | -1) [potion of mutation]
 46283 | Snake:2  | Gained mutation: You are clumsy. (Dex -2) [potion of
                  | mutation]
 46333 | Snake:3  | Noticed Jorgrun
 46352 | Snake:3  | Killed Jorgrun
 46684 | Snake:2  | Learned a level 7 spell: Ozocubu's Refrigeration
 46779 | Snake:3  | Reached skill level 12 in Ice Magic
 47225 | Snake:3  | Reached skill level 10 in Hexes
 47542 | Snake:3  | Acquired an amulet of magic regeneration
 47567 | Snake:3  | Found Qynu Giu's Weapon Boutique.
 47813 | Snake:3  | Noticed Vashnia
 48100 | Snake:2  | Upgraded the game from 0.31.0-10-gcf4a605ca0 to
                  | 0.31.0-11-ge490571c62
 48262 | Snake:4  | Entered Level 4 of the Snake Pit
 48857 | Snake:4  | Reached skill level 13 in Ice Magic
 49280 | Snake:4  | Found Taurayr's Tempting Trifles.
 49286 | Snake:4  | Bought a throwing net for 36 gold pieces
 49286 | Snake:4  | Bought a scroll of teleportation for 36 gold pieces
 49413 | Snake:4  | Gained mutation: Your melee attacks may debilitate your
                  | foes. [demonic ancestry]
 49413 | Snake:4  | Reached XP level 18. HP: 68/134 MP: 14/32
 50229 | Snake:4  | Reached skill level 14 in Ice Magic
 50733 | Snake:4  | Got a serpentine rune of Zot
 51020 | Vaults:1 | Entered Level 1 of the Vaults
 51208 | Vaults:1 | You fall into a shaft and drop 1 floor!
 51273 | Vaults:1 | Reached skill level 15 in Ice Magic
 51803 | Vaults:1 | Learned a level 1 spell: Apportation
 52277 | Vaults:1 | Reached skill level 16 in Ice Magic
 54088 | Vaults:2 | Reached skill level 17 in Ice Magic
 54438 | Vaults:2 | Reached XP level 19. HP: 104/140 MP: 15/33
 55852 | Shoals:4 | Reached skill level 18 in Ice Magic
 55852 | Shoals:4 | Identified the +1 steam dragon scales "Tofefeno" {Harm
                  | rCorr}
 56155 | Shoals:4 | Identified the +1 short sword of the Toadstool {antimagic,
                  | *Rage Dex+3 SInv Stlth+}
 56224 | Shoals:4 | Identified the +1 sling "Zaram" {heavy, Will+}
 56303 | Shoals:4 | Gained mutation: Your magical capacity is low. (-10% MP)
                  | [mutagenic glow]
 56435 | Shoals:4 | Identified the staff "Webuus" {rF+ rN+ Dex-4 Conj Earth}
 56717 | Shoals:4 | Got a barnacled rune of Zot
 57027 | Vaults:3 | Found Pauhav's Assorted Antiques.
 57033 | Vaults:3 | Bought a scroll of teleportation for 117 gold pieces
 57192 | Vaults:3 | Identified the serpent talisman of Xoujaj {+Blink Str-3
                  | Dex+3}
 57196 | Vaults:3 | Found a staircase to the Crypt.
 57326 | Vaults:2 | Identified the +4 flail of Iqallo {spect, rC+}
 57537 | Vaults:2 | Reached skill level 19 in Ice Magic
 57796 | Vaults:3 | Identified the +0 robe of the Hanged Man {+Inv Dex+7}
 58090 | Vaults:3 | Found Ecwut's Armour Shop.
 58370 | Vaults:3 | Found Hoeroag's Distillery.
 58466 | Vaults:3 | Bought a potion of cancellation for 104 gold pieces
 58466 | Vaults:3 | Bought a potion of curing for 39 gold pieces
 58466 | Vaults:3 | Bought a potion of magic for 104 gold pieces
 58466 | Vaults:3 | Bought a potion of brilliance for 52 gold pieces
 58466 | Vaults:3 | Bought a potion of resistance for 130 gold pieces
 58726 | Vaults:3 | Found Gatynt's Jewellery Emporium.
 58758 | Vaults:3 | Found a transporter.
 58801 | Vaults:3 | Found a transporter.
 59148 | Vaults:3 | Reached skill level 20 in Ice Magic
 59966 | Vaults:4 | Reached XP level 20. HP: 107/147 MP: 16/30
 60050 | Vaults:4 | Identified the +2 leather armour of the Realm of Zot
                  | {Rampage Will+ rCorr}
 60667 | Vaults:4 | Reached skill level 21 in Ice Magic
 60749 | Vaults:4 | Noticed Xtahua
 60759 | Vaults:4 | Killed from afar by Xtahua

Illustrated notes

Levels and vault maps discovered:
D:1:      minmay_arrival_widening_spiral_wide, layout_loops_ring
D:2:      layout_rooms, serial_shops, shop, shop,
          nicolae_shop_pleasant_corner_grove
D:3:      layout_loops_ring, nicolae_overflow_crystal_walls,
          gammafunk_temple_overflow_wave, kennysheep_boxes
D:4:      layout_basic, nicolae_titane
D:5:      layout_loops_ring
D:6:      layout_basic
D:7:      layout_basic, temple_green
D:8:      minmay_cornered_nines, layout_loops_corners, kennysheep_little_box,
          lair_entry_dummy, grunt_ministairs_8,
          einodemon_armed_red_devil_minivault, uniq_maurice, uniq_prince_ribbit1
D:9:      cheibrodos_iron_armory, layout_cave_pods, orc_0_dummy
D:10:     layout_loops_corners, mainiacjoe_overflow_alcove_2
D:11:     layout_long_grid, uniq_snorg
D:12:     layout_loops_ring, serial_shops, nicolae_shop_trees
D:13:     layout_loops_ring, david_vaults_3, minmay_hedge_maze,
          minmay_ruined_shrine
D:14:     layout_small_grid, serial_shops, nicolae_diamond_shop,
          nicolae_take_the_stairs, nicolae_shop_tiny_waterfront, shop,
          nicolae_shop_stone, minmay_door_square, uniq_kirke
D:15:     grunt_enter_depths_hoard, layout_basic, cheibriados_altar_1
Temple:   bh_familiar_temple
Lair:1:   layout_regular_city
Lair:2:   layout_regular_city, minmay_snake_entry_six_corridors,
          gauntlet_entry_generic, grunt_forest_small_clearings
Lair:3:   dreamdust_isle_of_ice, layout_cave_pods, minmay_shoals_entry_centaurs,
          gammafunk_ghost_icy, kilobyte_rumbling_trees, uniq_urug
Lair:4:   layout_regular_city, grunt_megastairs_2
Lair:5:   minmay_lair_end_enchanted_forest, layout_misc_corridors,
          dpeg_slime_entry_enclosed
Shoals:1: layout_shoals, uniq_nikola
Shoals:2: layout_shoals, nicolae_shoals_the_drawing_of_the_three,
          uniq_polyphemus, uniq_louise
Shoals:3: layout_shoals, nicolae_shoals_beach_house_on_fowls_legs
Shoals:4: shoals_end_hellmonk_holy_island, uniq_bai_suzhen
Snake:1:  layout_basic, nicolae_snake_gridmaze_tees, drop_trap, uniq_aizul
Snake:2:  layout_grid_maze, portal_ice_cave_entry_pillars_three
Snake:3:  layout_cave_pods, serial_shops, nicolae_square_shop,
          hangedman_snake_corridor_cut, uniq_vashnia, uniq_jorgrun
Snake:4:  hellmonk_snake_rune_quicksilver_temple, layout_cave_pods,
          nicolae_alphabet_shops
Orc:1:    layout_caves, nicolae_orc_damp_corner, minmay_orc_barracks,
          uniq_erica, uniq_josephine
Orc:2:    st_orc_open, layout_caves
Vaults:1: v_misc_27, nicolae_vaults_whirlpool_walls, nicolae_vaults_six-pack,
          nicolae_vaults_circle_grid_b, hangedman_vaults_trim,
          nicolae_vaults_alarming, v_misc_26, v_rooms_2,
          nicolae_vaults_lightning_bolt, vaults_dpeg_cross,
          layout_vaults_chaotic_city
Vaults:2: v_misc_27, grunt_vaults_diagonal, nicolae_vaults_storage_closets_2,
          hangedman_vaults_nails, v_rooms_3, nicolae_vaults_heart-shaped_vault,
          v_misc_18, nicolae_vaults_shipping_containers_7,
          layout_vaults_omnigrid
Vaults:3: nicolae_vaults_wine_cellar, gammafunk_dig_for_victory,
          vaults_standard_mumra_lines, nicolae_vaults_door_testing_chamber,
          minmay_crypt_entry_simple_statues, vaults_dpeg_emergency_exit,
          v_rooms_6, nicolae_vaults_tangram_1, v_misc_27,
          nicolae_vaults_back_hallway, nicolae_vaults_trapezoid_2,
          layout_vaults_omnicross, serial_shops, shop,
          nicolae_shop_hallway_stairs, nicolae_shop_tiny_glass, shop
Vaults:4: grunt_vaults_trifunnel, hangedman_vaults_capsules,
          ontoclasm_vaults_shout, nicolae_vaults_disjoint_gnomons,
          nicolae_vaults_shrinking_rooms_1, nicolae_vaults_specimen_jars,
          nicolae_vaults_network_quinsquares
          [nicolae_vaults_network_quincunx_subvault,
          nicolae_vaults_network_quincunx_subvault,
          nicolae_vaults_network_quincunx_subvault,
          nicolae_vaults_network_quincunx_subvault],
          nicolae_vaults_shrinking_rooms_2, nicolae_vaults_tetromino_L_2,
          vaults_room_pool, nicolae_vaults_tetromino_L_2,
          nicolae_vaults_diamond_2, nicolae_vaults_little_squares_4,
          layout_vaults_maze_snakey, uniq_xtahua

Skill      XL: |  1  2  3  4  5  6  7  8  9 10 11 12 13 14 15 16 17 18 19 20 |
---------------+-------------------------------------------------------------+-----
Conjurations   | 5 6 7 8 9 11 12 | 12.0
Spellcasting   | 3 6 9 10 | 10.0
Dodging        | 4 5 7 9 10 | 10.0
Fighting       | 4 5 8 9 10 | 10.0
Short Blades   | 5 6 8 10 | 10.0
Alchemy        | 2 6 7 10 | 10.0
Translocations | 2 |  2.0
Evocations     | 5 |  5.0
Armour         | 5 |  5.0
Ice Magic      | 1 3 5 10 13 17 20 21 | 21.1
Earth Magic    | 4 5 |  5.0
Stealth        | 4 8 10 | 10.0
Shields        | 4 |  4.0
Hexes          | 1 6 10 | 10.0

Action                     |  1- 3 |  4- 6 |  7- 9 | 10-12 | 13-15 | 16-18 | 19-21 || total
---------------------------+-------+-------+-------+-------+-------+-------+-------++-------
  Melee: Dagger            |    13 |    14 |    15 |   102 |  1098 |  1085 |   829 ||  3156
         Tailslap          |       |     2 |     3 |    30 |   231 |   266 |   251 ||   783
  Throw: Javelin           |       |       |       |       |       |     4 |       ||     4
   Cast: Magic Dart        |    86 |    48 |    33 |     3 |       |       |       ||   170
         Searing Ray       |     2 |     8 |    94 |   146 |   211 |   105 |     5 ||   571
         Irradiate         |       |       |       |    31 |   127 |   192 |    69 ||   419
         Blink             |       |       |       |     1 |     2 |     1 |       ||     4
         Petrify           |       |       |       |       |    78 |   309 |   100 ||   487
         Tukima's Dance    |       |       |       |       |     9 |     3 |     1 ||    13
         Iskenderun's Myst |       |       |       |       |       |     1 |       ||     1
         Ozocubu's Refrige |       |       |       |       |       |     8 |    51 ||    59
         Apportation       |       |       |       |       |       |     4 |       ||     4
 Invoke: Potion Petition   |       |       |       |       |     2 |     1 |     2 ||     5
  Evoke: Wand              |       |       |     1 |     2 |     7 |       |     2 ||    12
         Phantom mirror    |       |       |       |       |       |       |     1 ||     1
         Condenser vane    |       |       |       |       |       |       |     1 ||     1
    Use: Scroll            |     5 |       |     7 |     8 |    13 |     9 |     1 ||    43
         Potion            |       |       |     1 |     1 |     2 |    10 |     1 ||    15
   Stab: Sleeping          |     2 |       |       |       |     3 |    39 |    11 ||    55
         Petrified         |       |       |       |       |   101 |   156 |    59 ||   316
         Distracted        |       |       |       |       |     9 |     5 |     4 ||    18
         Petrifying        |       |       |       |       |    16 |    90 |    61 ||   167
         Invisible         |       |       |       |       |     1 |     3 |       ||     4
 Armour: Robe              |    11 |    11 |   170 |   255 |   889 |   871 |   440 ||  2647
  Dodge: Dodged            |     9 |    16 |   165 |   376 |  1365 |   573 |   264 ||  2768
  Block: Buckler           |       |       |       |       |   496 |   997 |   477 ||  1970
         Other             |       |       |       |       |    32 |       |       ||    32
         Reflection        |       |       |       |       |     4 |   119 |    34 ||   157
